 Dungeon Crawl Stone Soup version 0.20.1-1-g8b1a95d (webtiles) character file.

133 Evildarkzombies the Cudgeler (level 5, -2/42 HPs)
             Began as a Human Berserker on Aug 13, 2017.
             Was a Priest of Trog.
             Slain by Duvessa
             ... wielding a +0 rapier
              (7 damage)
             ... on level 4 of the Dungeon.
             The game lasted 00:17:45 (4514 turns).

Evildarkzombies the Cudgeler (Human Berserker)      Turns: 4514, Time: 00:17:46

Health: -2/42      AC:  5    Str: 19    XL:     5   Next: 40%
Magic:  5/5        EV: 12    Int:  7    God:    Trog [***...]
Gold:   80         SH:  0    Dex: 12    Spells: 4/4 levels left

rFire    . . .     SeeInvis .   a - +0 mace
rCold    . . .     Gourm    .   (no shield)
rNeg     . . .     Faith    .   h - +0 ring mail
rPois    .         Spirit   .   (no helmet)
rElec    .         Reflect  .   (no cloak)
rCorr    .         Harm     .   (no gloves)
MR       .....                  (no boots)
Stlth    +.........             (no amulet)
Regen    0.2/turn               (no ring)
MPRegen  0.1/turn               (no ring)

@: no status effects
A: no striking features
a: Berserk, Trog's Hand, Burn Spellbooks, Renounce Religion


You were on level 4 of the Dungeon.
You worshipped Trog.
Trog was most pleased with you.
You were very hungry.

You visited 1 branch of the dungeon, and saw 4 of its levels.

You collected 80 gold pieces.

Inventory:

Hand Weapons
 a - a +0 mace (weapon)
Armour
 b - a +0 animal skin
 h - a +0 ring mail (worn)
Jewellery
 l - a cursed amulet of inaccuracy {unknown}
Scrolls
 e - a scroll of identify {unknown}
 f - a scroll of enchant weapon {unknown}
 j - a scroll of amnesia {unknown}
 n - a scroll of fear {unknown}
 s - a scroll of remove curse {unknown}
 t - a scroll of immolation {unknown}
Potions
 g - a potion of heal wounds {unknown}
 k - a potion of agility {unknown}
 m - a potion of curing {unknown}
 o - a potion of brilliance {unknown}
 p - a potion of lignification {unknown}
 q - a potion of might {unknown}
Comestibles
 c - 2 bread rations
 i - 2 royal jellies


   Skills:
 + Level 3.9 Fighting
 + Level 4.0 Maces & Flails
 + Level 2.8 Armour
 + Level 2.7 Dodging
 + Level 0.4 Stealth


You had 4 spell levels left.
You didn't know any spells.

Dungeon Overview and Level Annotations

Branches:
Dungeon (4/15)
 Temple: D:4-7

Altars:
Fedhas
Gozag

Annotations:
D:4 Dowan, Duvessa


Message History

The puff of flame hits you!
You hit Dowan.
Dowan is lightly wounded.
Duvessa misses you. Dowan hits you but does no damage.
Duvessa says, "Where magic fails, the sword succeeds!"
Duvessa hits you with a rapier!
* * * LOW HITPOINT WARNING * * *
You hit Dowan.
Dowan is moderately wounded.
Dowan misses you. Duvessa hits you with a rapier.
* * * LOW HITPOINT WARNING * * *
A worm comes into view.
You barely miss Dowan.
Dowan is moderately wounded.
Dowan closely misses you. Duvessa barely misses you.
Dowan hits you with a dagger.
* * * LOW HITPOINT WARNING * * *
You see here a short sword.
Duvessa hits you with a rapier!
You die...

#..#
###..###
..#w...#
#.#.(#.#
#.#.##.#
#.#.##.#
#.#.##.#
#...ee)#
#..@####.
#..........
#.######.###
#......#...
#.##...#.#
#.#......#
#.#<.....#
#.######.#
#.. .#


You could see Duvessa, Dowan and a worm.

Vanquished Creatures
  3 adders (D:2)
  An ooze (D:2)
  A worm (D:3)
  4 dart slugs
  3 leopard geckos
  An orc (D:3)
  7 giant cockroaches
  16 hobgoblins
  9 kobolds
  2 quokkas
  A ball python (D:1)
  9 bats
  8 frilled lizards
  10 goblins
  9 rats
  3 fungi (D:3)
87 creatures vanquished.

Notes
Turn   | Place    | Note
-------+----------+-------------------------------------------
     0 | D:1      | Evildarkzombies the Human Berserker began the quest for the Orb.
     0 | D:1      | Reached XP level 1. HP: 18/18 MP: 1/1
   327 | D:1      | Reached XP level 2. HP: 10/24 MP: 2/2
   934 | D:1      | Reached XP level 3. HP: 25/29 MP: 3/3
  1370 | D:1      | Reached ** piety under Trog
  1953 | D:2      | Reached XP level 4. HP: 36/36 MP: 4/4
  2070 | D:2      | Found an opulent altar of Gozag.
  2977 | D:2      | Reached XP level 5. HP: 42/42 MP: 5/5
  3112 | D:3      | Found a blossoming altar of Fedhas.
  3113 | D:3      | Reached skill level 4 in Maces & Flails
  4061 | D:3      | Reached *** piety under Trog
  4490 | D:4      | Noticed Dowan
  4492 | D:4      | Noticed Duvessa
  4514 | D:4      | Slain by Duvessa

Skill      XL: |  1  2  3  4  5 |
---------------+----------------+-----
Maces & Flails | 4 |  4.0
Fighting       | |  3.9
Armour         | |  2.8
Dodging        | |  2.7
Stealth        | |  0.4

Action                   |  1- 3 |  4- 6 || total
-------------------------+-------+-------++-------
Melee: Mace              |   104 |   211 ||   315
  Use: Scroll            |       |     1 ||     1
  Eat: Bread ration      |     1 |     1 ||     2
       Fruit             |       |     2 ||     2
Armor: Animal skin       |    18 |       ||    18
       Ring mail         |    23 |    63 ||    86
Dodge: Dodged            |    71 |   152 ||   223
